Map: 光影交错-天梯版

Players

电脑难度(新手) - Winner!

  • Race: Terran Terran

孤鸿寄语

  • Race: Zerg Zerg

VOD

Have the link to the VOD?

Description

Time

  • Played on: Sept. 5, 2021, 3:06 a.m.
  • Length: 6:00
Show
View Real Time Build Order
Export as new Build Order

电脑难度(新手) Terran - Winner!

Build Orders:  

Get SALT Encoding   

  12  0:00  SCV  
  13  0:13  SCV  
  14  0:18  Supply Depot  
  14  0:37  Refinery  
  14  0:42  Barracks  
  14  1:04  Supply Depot  
  14  1:12  Refinery  
  14  1:30  Marine, Orbital Command  
  15  1:49  Barracks Tech Lab  
  15  1:56  SCV  
  16  2:08  SCV  
  17  2:14  Marine  
  18  2:20  SCV  
  19  2:32  SCV  
  20  2:44  SCV  
  21  2:56  SCV  
  22  2:59  Marauder  
  24  4:15  SCV  
  24  5:22  Marine  
  24  5:24  Supply Depot  
  24  5:28  SCV  
  21  5:40  SCV  
Show
View Real Time Build Order
Export as new Build Order

孤鸿寄语 Zerg 

Build Orders: Hatch First 

Get SALT Encoding   

  12  0:00  Drone  
  13  0:12  Overlord  
  13  0:16  Drone  
  14  0:30  Drone x2  
  16  0:47  Hatchery  
  15  0:50  Drone  
  15  0:53  Drone  
  15  0:56  Drone  
  18  1:07  Extractor  
  17  1:12  Spawning Pool  
  17  1:15  Drone  
  18  1:18  Drone  
  18  1:27  Drone  
  19  1:38  Drone  
  20  1:49  Overlord  
  20  1:59  Queen x2  
  20  2:00  Zergling x4  
  26  2:07  Metabolic Boost  
  26  2:10  Drone  
  26  2:11  Drone  
  28  2:27  Hatchery  
  27  2:35  Queen  
  29  2:37  Drone  
  29  2:40  Drone  
  31  2:45  Overlord  
  31  2:48  Drone  
  31  2:50  Drone  
  33  2:53  Drone  
  33  2:55  Drone  
  35  2:58  Drone  
  36  3:06  Drone x2  
  36  3:08  Drone x2  
  36  3:10  Drone  
  41  3:15  Drone  
  41  3:18  Roach Warren  
  41  3:20  Extractor  
  41  3:22  Overlord  
  41  3:26  Drone  
  41  3:27  Drone  
  42  3:36  Drone  
  42  3:37  Drone  
  42  3:41  Overlord  
  44  3:42  Overlord  
  44  3:59  Roach x7  
  44  4:01  Roach  
  60  4:05  Queen  
  62  4:10  Queen  
  62  4:14  Overlord  
  64  4:17  Overlord  
  64  4:20  Drone  
  64  4:21  Drone  
  66  4:25  Drone x2  
  66  4:27  Drone  
  66  4:28  Ravager x2  
  66  4:30  Drone  
  72  4:32  Drone  
  72  4:35  Drone  
  72  4:36  Drone  
  72  4:37  Drone  
  76  4:42  Ravager, Drone  
  76  4:43  Drone  
  76  4:44  Drone  
  76  4:45  Drone  
  81  4:46  Drone  
  81  4:52  Drone x2  
  84  4:53  Drone x2  
  84  4:58  Lair  
  86  5:01  Extractor, Drone  
  86  5:02  Drone  
  86  5:03  Drone  
  88  5:07  Drone x2  
  88  5:09  Overlord  
  90  5:16  Evolution Chamber  
  90  5:17  Evolution Chamber  
  90  5:18  Drone  
  90  5:20  Drone  
  90  5:21  Extractor  
  90  5:23  Overlord x2  
  89  5:29  Extractor, Drone x6  
  89  5:30  Extractor, Drone  
  89  5:31  Drone  
  89  5:33  Drone  
  97  5:35  Drone x2  
  97  5:40  Overlord  
Tags
 
Add a new tag
Caveats
  • Supply blocks, unpowered buildings, or Contaminate may cause inaccurate times.
  • Supply counts are checked every 10 seconds.